 Dungeon Crawl Stone Soup version 0.19.5 (webtiles) character file.

309 Jerry the Vexing (level 6, -1/41 HPs)
             Began as a Vampire Enchanter on Apr 4, 2017.
             Killed themself with a bounced bolt of lightning (7 damage)
             ... on level 4 of the Dungeon.
             The game lasted 00:21:37 (5884 turns).

Jerry the Vexing (Vampire Enchanter)                Turns: 5884, Time: 00:21:37

Health: -1/41      AC:  4    Str:  7    XL:     6   Next: 17%
Magic:  0/10       EV: 10    Int: 20    God:
Gold:   150        SH:  0    Dex: 14    Spells: 3 memorised, 5 levels left

rFire  . . .     SeeInvis +     k - +1 dagger (pain)
rCold  + . .     Gourm    .     b - +1 robe
rNeg   + + .     Faith    .     (no shield)
rPois  +         Spirit   .     (no helmet)
rElec  .         Reflect  .     (no cloak)
rCorr  .         Harm     .     m - +0 pair of gloves
MR     .....                    (no boots)
Stlth  ++++......               (no amulet)
                                (no ring)
                                f - -2 ring of evasion (curse)

@: regenerating slowly
A: fangs 3, see invisible, unbreathing
a: Bat Form


You were on level 4 of the Dungeon.
You were very thirsty.

You visited 1 branch of the dungeon, and saw 4 of its levels.

You collected 150 gold pieces.

Inventory:

Hand Weapons
 k - a +1 dagger of pain (weapon)
 q - a +0 club
Armour
 b - a +1 robe (worn)
 m - a +0 pair of gloves (worn)
Jewellery
 f - a cursed -2 ring of evasion (left hand)
Wands
 a - a wand of lightning (10/15)
Scrolls
 i - 3 scrolls of identify
 j - 2 scrolls of fog
Potions
 d - 15 potions of blood
 e - 4 potions of flight {unknown}
 l - a potion of curing {unknown}
 n - 2 potions of magic {unknown}
 o - a potion of ambrosia {unknown}
Books
 c - a book of Maledictions

   Spells                             Type                      Level
   a - Corona                         Hexes                        1
   b - Ensorcelled Hibernation        Hexes/Ice                    2
   c - Confuse                        Hexes                        3
   d - Tukima's Dance                 Hexes                        3
   e - Dazzling Spray                 Conjuration/Hexes            3


   Skills:
 + Level 3.5 Short Blades
 - Level 2.1 Dodging
 + Level 6.4 Stealth
 + Level 3.2 Spellcasting
 + Level 6.5 Hexes


You had 5 spell levels left.
You knew the following spells:

 Your Spells              Type           Power        Failure   Level  Hunger
a - Corona                Hex            ####...      1%          1    None
b - Ensorcelled Hibernat  Hex/Ice        ###...       6%          2    ##.....
c - Confuse               Hex            ####....     3%          3    ###....


Dungeon Overview and Level Annotations

Branches:
Dungeon (4/15)             Temple (0/1) D:4

Altars:


Innate Abilities, Weirdness & Mutations

You heal slowly.
You have razor-sharp teeth.
You have supernaturally acute eyesight. (SInv)
You can survive without breathing.


Message History

The puff of flame misses you.
You hit Blork the orc but do no damage.
Blork the orc is almost dead.
Blork the orc zaps a wand.
The puff of flame hits you!
* * * LOW HITPOINT WARNING * * *
Blork the orc hits you but does no damage.
Evoke which item? (* to show all) (? for menu, Esc to quit)
Zapping:
a - a wand of lightning (will waste charges)
Press: ? - help, Shift-Dir - straight line, f/p - Blork the orc
Aim: Blork the orc, wielding a war axe, wearing a robe and carrying a wand of flame {zapped: 4} (almost dead, fast, slightly transparent) That beam is likely to hit you.
Continue anyway?
You hear a mighty clap of thunder!
The bolt of lightning hits Blork the orc.
You kill Blork the orc!
You have reached level 6!
Your experience leads to an increase in your attributes!
Increase (S)trength, (I)ntelligence, or (D)exterity?
You feel clever. The bolt of lightning hits you!
You die...

# .# #.# .....
#####.#.## ..
#......... .#
#.)...# ..# #.@#
..### #..# ......
#..# ####...####
#..#
.<..O........##..#
.................#
.............###.#
..⌠....##### #.###
.......... #...#


There were no monsters in sight!

Vanquished Creatures
  Blork the orc (D:4)
  An orc wizard (D:3)
  An iguana (D:4)
  2 gnolls (D:2)
  4 adders
  An ooze (D:3)
  2 worms (D:3)
  4 dart slugs (D:1)
  5 leopard geckos
  10 orcs
  A ball python (D:3)
  13 bats
  4 giant cockroaches
  5 goblins
  6 hobgoblins
  4 jackals (D:1)
  16 kobolds
  4 quokkas (D:2)
  11 frilled lizards
  7 rats (D:1)
102 creatures vanquished.

Notes
Turn   | Place    | Note
-------+----------+-------------------------------------------
     0 | D:1      | Jerry the Vampire Enchanter began the quest for the Orb.
     0 | D:1      | Reached XP level 1. HP: 13/13 MP: 3/3
   497 | D:1      | Reached XP level 2. HP: 19/19 MP: 5/5
   755 | D:1      | Learned a level 2 spell: Ensorcelled Hibernation
  1151 | D:1      | Reached XP level 3. HP: 24/24 MP: 6/6
  1155 | D:1      | Reached skill level 5 in Hexes
  1180 | D:1      | Learned a level 3 spell: Confuse
  1647 | D:1      | Reached skill level 5 in Stealth
  2589 | D:2      | Reached XP level 4. HP: 26/30 MP: 0/7
  4328 | D:3      | Reached XP level 5. HP: 35/35 MP: 7/9
  5118 | D:4      | Found a staircase to the Ecumenical Temple.
  5118 | D:4      | Noticed an ogre
  5300 | D:4      | Got a warped leather armour
  5314 | D:3      | Identified the cursed +0 leather armour "Dususi" {rCorr Str+3 Int-5} (You found it on level 4 of the Dungeon)
  5860 | D:4      | Noticed Blork the orc
  5884 | D:4      | Killed Blork the orc
  5884 | D:4      | Reached XP level 6. HP: 6/41 MP: 0/10
  5884 | D:4      | Killed themself with a bounced bolt of lightning

Skill      XL: |  1  2  3  4  5 |
---------------+----------------+-----
Short Blades   | 2 3 |  3.5
Hexes          | 5 6 |  6.5
Stealth        | 5 6 |  6.4
Spellcasting   | 3 |  3.2
Dodging        | |  2.1

Action                   |  1- 3 |  4- 6 || total
-------------------------+-------+-------++-------
Melee: Dagger            |   100 |   104 ||   204
       Bite              |     6 |     6 ||    12
       Short sword       |    17 |    25 ||    42
 Cast: Corona            |     7 |       ||     7
       Ensorcelled Hiber |    19 |    44 ||    63
       Confuse           |     2 |     3 ||     5
 Abil: End Transformatio |     1 |     1 ||     2
       Bat Form          |     1 |     1 ||     2
  Use: Potion            |     3 |     5 ||     8
       Scroll            |       |     7 ||     7
 Stab: Sleeping          |    22 |    46 ||    68
       Distracted        |     1 |       ||     1
Armor: Robe              |    27 |    38 ||    65
Dodge: Dodged            |    60 |    71 ||   131
